 Dungeon Crawl Stone Soup version 0.31-a0-1225-g50297eb (webtiles) character file.

Game seed: 3242131158152549451

4097 Sultan the Basher (level 10, -5/79 HPs)
             Began as a Human Chaos Knight on Dec 14, 2023.
             Was a Plaything of Xom.
             Slain by a two-headed ogre
             ... wielding a +0 giant club
              (25 damage)
             ... on level 9 of the Dungeon.
             The game lasted 00:30:46 (6167 turns).

Sultan the Basher (Human Chaos Knight)              Turns: 6167, Time: 00:30:46

Health: -5/79      AC:  5    Str: 15    XL:     10   Next: 50%
Magic:  10/10      EV: 16    Int: 17    God:    Xom [*.....]
Gold:   623        SH:  0    Dex: 25    Spells: 9/9 levels left

rFire   x . .        p - +10 whip "Zoyrpheu" {drain, *Corrode Str+5}
rCold   + . .        (no shield)
rNeg    . . .        b - +2 leather armour
rPois   .            (helmet restricted)
rElec   +            (no cloak)
rCorr   .            (no gloves)
SInv    .            (no boots)
Will    .....        d - amulet of regeneration
Stlth   +++          D - ring of ice
HPRegen 1.13/turn    M - +6 ring of dexterity
MPRegen 0.12/turn

%: corrode self (3%)
@: no status effects
A: hooves 1, horns 2, agile 1, clever 1, electricity resistance
a: Renounce Religion


You were on level 9 of the Dungeon.
You worshipped Xom.
You were a special plaything of Xom.
You visited 1 branch of the dungeon, and saw 9 of its levels.
You also visited: Bailey.

You collected 623 gold pieces.

Inventory:

Hand Weapons
 a - a +0 falchion of chaos
 p - the +10 whip "Zoyrpheu" (weapon) {drain, *Corrode Str+5}
   (You found it on level 2 of the Dungeon)

   Str+5:     It affects your strength (+5).
   *Corrode:  It may corrode you when you take damage.
Missiles
 h - 22 poisoned darts
 n - 73 stones
 A - a throwing net (quivered)
Armour
 b - a +2 leather armour (worn)
 l - a +1 robe of willpower
 K - a scarf of invisibility
Jewellery
 d - an amulet of regeneration (around neck)
 D - a ring of ice (left hand)
 H - a +4 ring of protection
 I - a ring of magical power
 M - a +6 ring of dexterity (right hand)
Wands
 w - a wand of digging (2)
 G - a wand of acid (6)
 J - a wand of flame (11)
 L - a wand of mindburst (26)
Scrolls
 c - a scroll of butterflies
 g - 10 scrolls of identify {unknown}
 i - 4 scrolls of teleportation {unknown}
 j - a scroll of noise {unknown}
 k - 2 scrolls of torment {unknown}
 o - a scroll of enchant weapon {unknown}
 r - 2 scrolls of amnesia {unknown}
 s - 3 scrolls of poison {unknown}
 t - a scroll of enchant armour {unknown}
 u - a scroll of silence {unknown}
 v - a scroll of fear {unknown}
 y - a scroll of revelation {unknown}
 N - 2 scrolls of fog {unknown}
Potions
 e - a potion of degeneration {unknown}
 f - a potion of invisibility {unknown}
 m - 2 potions of brilliance {unknown}
 q - 3 potions of magic {unknown}
 x - 4 potions of curing {unknown}
 z - 2 potions of mutation {unknown}
 B - a potion of heal wounds {unknown}
 C - a potion of ambrosia {unknown}
 E - 2 potions of enlightenment {unknown}
 F - 2 potions of haste {unknown}
 O - a potion of might {unknown}


   Skills:
 + Level 7.0 Fighting
 + Level 4.5 Long Blades
 + Level 9.0 Maces & Flails
 + Level 5.1 Armour
 + Level 6.1 Dodging
 + Level 4.2 Stealth
 + Level 0.2 Evocations


You had 9 spell levels left.
You didn't know any spells.
Your spell library contained the following spells:

 Spells                   Type           Power      Damage    Failure   Level
 Foxfire                  Conj/Fire      0%         2x1d4     28%         1
 Kiss of Death            Conj/Necr      0%         2d5       28%         1
 Confusing Touch          Hex            0%         N/A       63%         3
 Ozocubu's Armour         Ice            0%         N/A       63%         3
 Animate Armour           Summ/Erth      0%         N/A       95%         4
 Dispel Undead            Necr           0%         3d6       95%         4
 Summon Lightning Spire   Summ/Air       0%         N/A       95%         4
 Lee's Rapid Deconstruct  Erth           0%         3d4*      100%        5
 Plasma Beam              Fire/Air       0%         2x1d10    100%        6
 Simulacrum               Ice/Necr       0%         N/A       100%        6
 Starburst                Conj/Fire      0%         6d3       100%        6
 Ozocubu's Refrigeration  Ice            0%         4d7       100%        7
 Polar Vortex             Ice            0%         N/A       100%        9


Dungeon Overview and Level Annotations

Branches:
Dungeon (9/15)             Temple (0/1) D:7            Lair (0/5) D:8
 Bailey (visited)
    Orc: D:9-12

Altars:
Dithmenos
Elyvilon
Kikubaaqudgha
Makhleb
Okawaru
Qazlal
Ru
Sif Muna
Xom
Zin

Shops:
D:2 :   D:6 ?(:


Innate Abilities, Weirdness & Mutations

You have large cloven feet.
You have a pair of horns on your head.
You are agile. (Dex +4, Str/Int -1)
Your mind is acute. (Int +4, Str/Dex -1)
You are resistant to electric shocks. (rElec)


Message History

Xom thinks this is hilarious!
Your orc wizard hits the orc wizard with a +0 dagger.
A two-headed ogre comes into view. It is wielding two +0 giant clubs.
The orc wizard mumbles some strange words.
The orc wizard flickers and vanishes!
Deactivating autopickup; reactivate with Ctrl-A.
The two-headed ogre shouts in stereo!
A magic dart appears from out of thin air!
The magic dart hits you.
You hit the two-headed ogre.
Your headbutt misses the two-headed ogre.
The two-headed ogre is lightly wounded.
The two-headed ogre hits you with a +0 giant club.
The two-headed ogre misses you.
The orc warrior attacks as it pursues you!
The orc warrior hits you from afar with a +0 trident!
The two-headed ogre barely misses you.
The two-headed ogre hits you with a +0 giant club.
* * * LOW HITPOINT WARNING * * *
You whack the two-headed ogre! You kick the two-headed ogre.
The two-headed ogre is moderately wounded.
You hit the two-headed ogre.
You kick the two-headed ogre, but do no damage.
You headbutt the two-headed ogre.
The two-headed ogre is moderately wounded.
The two-headed ogre hits you with a +0 giant club!
* * * LOW HITPOINT WARNING * * *
The two-headed ogre misses you. The orc warrior misses you.
A puff of flame appears from out of your range of vision.
The puff of flame misses the two-headed ogre.
You barely miss the two-headed ogre.
You headbutt the two-headed ogre, but do no damage.
The two-headed ogre is moderately wounded.
A magic dart appears from out of your range of vision.
The magic dart hits something!
A magic dart appears from out of thin air!
The two-headed ogre attacks as it pursues you!
The two-headed ogre hits you with a +0 giant club!!
You die...
Xom chuckles heartily!

#..# #..#
#.# # #..#
#..# #.# #
#..# #..#
#.# #..#
#..# #.#
#..# #..#
#.# #..# #.#
#.o# #.#
#O.#########
#@.......
#.......#
.........
....######
.....#
......#
.......#
........#


You could see a two-headed ogre and an orc warrior.

Vanquished Creatures
  Maurice (D:7)
  The ghost of SuckSex the Changeling, a novice FeSh (D:5)
  2 wyverns
  4 humans (Bailey)
  A golden eye (D:7)
  A water moccasin (D:9)
  Duvessa (D:7)
  A sky beast (D:7)
  An ice beast (D:7)
  An ogre (D:6)
  3 black bears
  A centaur (D:6)
  A kobold brigand (D:9)
  4 bullfrogs
  4 scorpions
  4 wights (D:9)
  Dowan (D:7)
  The ghost of IAmTheZeppo the Magician, a weakling DjCj (D:3)
  3 jellies
  5 orc priests
  A gnoll bouda (D:5)
  A hound (D:7)
  An iguana (D:3)
  8 orc wizards
  11 gnolls
  A river rat (D:3)
  5 adders
  2 shadow imps
  2 ufetubi (D:5)
  2 worms
  2 dart slugs
  38 orcs
  7 endoplasms
  6 giant cockroaches
  10 goblins
  11 hobgoblins
  13 kobolds
  2 quokkas (D:3)
  8 ball pythons
  4 bats
  4 frilled lizards
  4 rats
184 creatures vanquished.

Vanquished Creatures (collateral kills)
  A kobold brigand (D:6)
  2 kobolds (D:6)
3 creatures vanquished.

Vanquished Creatures (others)
  A human (Bailey)
  An orc priest (D:6)
  A gnoll (D:5)
  3 orcs (D:6)
6 creatures vanquished.

Grand Total: 193 creatures vanquished

Notes
Turn   | Place    | Note
-------+----------+-------------------------------------------
     0 | D:1      | Sultan the Human Chaos Knight began the quest for the Orb.
     0 | D:1      | Reached XP level 1. HP: 18/18 MP: 1/1
    28 | D:1      | Reached XP level 2. HP: 24/24 MP: 2/2
    46 | D:1      | XOM: divination: detect items
   347 | D:1      | Reached XP level 3. HP: 24/29 MP: 3/3
   702 | D:2      | XOM: silly message
   719 | D:2      | Found Jyadgheis's Vocational Training.
   757 | D:2      | XOM: silly message
   792 | D:2      | XOM: silly message
   939 | D:2      | XOM: divination: magic mapping
  1136 | D:2      | XOM: silly message
  1241 | D:2      | Identified the +10 whip "Zoyrpheu" {drain, *Corrode Str+5}
  1317 | D:3      | Reached XP level 4. HP: 37/37 MP: 4/4
  1433 | D:3      | Reached XP level 5. HP: 42/42 MP: 5/5
  1438 | D:3      | Found a stormy altar of Qazlal.
  1440 | D:3      | XOM: divination: magic mapping
  1502 | D:3      | Found a runed translucent door.
  1506 | D:3      | Noticed IAmTheZeppo's ghost (weakling DjCj)
  1506 | D:3      | Noticed a bullfrog
  1516 | D:3      | XOM: potion effect (attraction)
  1518 | D:3      | Killed a bullfrog
  1519 | D:3      | Reached XP level 6. HP: 47/48 MP: 6/6
  1524 | D:3      | Reached skill level 1 in Maces & Flails
  1526 | D:3      | XOM: potion effect (attraction)
  1534 | D:3      | Killed IAmTheZeppo's ghost
  1540 | D:3      | Found a runed translucent door.
  1765 | D:3      | XOM: give mutations
  1765 | D:3      | Gained mutation: Your mind is acute. (Int +4, Str/Dex -1)
                  | [Xom's grace]
  1765 | D:3      | Gained mutation: You have a pair of small horns on your
                  | head. [Xom's grace]
  1800 | D:3      | Found an ancient bone altar of Kikubaaqudgha.
  2055 | D:4      | Reached skill level 1 in Stealth
  2080 | D:4      | Found a shimmering blue altar of Sif Muna.
  2091 | D:4      | XOM: cloud trail
  2203 | D:4      | Reached skill level 2 in Maces & Flails
  2314 | D:4      | XOM: 5-stop teleportation journey
  2324 | D:4      | XOM: scenery: summon butterflies
  2325 | D:4      | XOM: scenery: create altars
  2372 | D:4      | Reached XP level 7. HP: 54/55 MP: 7/7
  2824 | D:5      | Entered Level 5 of the Dungeon
  2840 | D:5      | XOM: destruction
  2958 | D:5      | Reached skill level 3 in Maces & Flails
  2978 | D:5      | XOM: give mutation
  2978 | D:5      | Gained mutation: You have a pair of horns on your head.
                  | [Xom's mischief]
  2996 | D:5      | XOM: divination: magic mapping
  2997 | D:5      | XOM: confusion (+ monsters)
  3032 | D:5      | XOM: silly message
  3073 | D:5      | XOM: divination: detect creatures
  3197 | D:5      | Reached XP level 8. HP: 49/61 MP: 8/8
  3250 | D:5      | Found a runed translucent door.
  3250 | D:5      | Noticed SuckSex's ghost (novice FeSh)
  3267 | D:5      | XOM: potion effect (might)
  3270 | D:5      | XOM: potion effect (heal wounds)
  3276 | D:5      | XOM: potion effect (curing)
  3281 | D:5      | Killed SuckSex's ghost
  3282 | D:5      | Reached skill level 5 in Fighting
  3282 | D:5      | Reached skill level 4 in Maces & Flails
  3519 | D:6      | Found Fonegeawk's Book Shop.
  3638 | D:6      | Found a sacrificial altar of Ru.
  3704 | D:6      | XOM: destruction
  3716 | D:6      | Identified the ring "Tokuyn" {*Slow rPois rC+ rCorr}
  3758 | D:6      | Reached skill level 5 in Maces & Flails
  3780 | D:6      | XOM: god gift: 49 gold pieces
  3800 | D:6      | XOM: cast spell 'Summon Horrible Things'
  3962 | D:6      | Found Hunum's Antique Weapon Shoppe.
  3975 | D:6      | Found Wihaudue's Magic Scroll Boutique.
  4034 | D:6      | XOM: summons 1 hostile demon
  4051 | D:6      | Found an iron altar of Okawaru.
  4120 | D:6      | Found a glowing silver altar of Zin.
  4120 | D:6      | Found a white marble altar of Elyvilon.
  4121 | D:6      | Found a burning altar of Makhleb.
  4158 | D:7      | Found a staircase to the Ecumenical Temple.
  4173 | D:7      | Reached XP level 9. HP: 69/69 MP: 9/9
  4196 | D:7      | XOM: silly message
  4206 | D:7      | XOM: polymorph ice beast -> redback
  4208 | D:7      | XOM: polymorph redback -> golden eye
  4239 | D:7      | Reached skill level 6 in Maces & Flails
  4414 | D:7      | XOM: noise
  4481 | D:7      | Noticed Maurice
  4484 | D:7      | Noticed Dowan
  4495 | D:7      | Killed Dowan
  4497 | D:7      | Something stole 2 atropa-tipped darts
  4497 | D:7      | Noticed Duvessa
  4510 | D:7      | Killed Duvessa
  4511 | D:7      | Reached skill level 7 in Maces & Flails
  4690 | D:7      | Maurice stole 27 gold
  4691 | D:7      | Maurice stole the ring "Tokuyn" {*Slow rPois rC+ rCorr}
  4692 | D:7      | Maurice stole a +0 falchion of chaos
  4694 | D:7      | Maurice stole 334 gold
  4695 | D:7      | Maurice stole 102 gold
  4696 | D:7      | Killed Maurice
  4697 | D:7      | Reached skill level 5 in Dodging
  4710 | D:7      | XOM: torment (37/71 hp)
  4809 | D:7      | XOM: god gift: 42 gold pieces
  4985 | D:8      | Reached XP level 10. HP: 62/77 MP: 10/10
  4986 | D:8      | XOM: polymorph orc warrior -> giant cockroach
  5192 | D:8      | XOM: stat loss: -1 Dex (20/21)
  5390 | D:8      | Found a flagged portal.
  5411 | Bailey   | Entered a bailey
  5422 | Bailey   | XOM: potion effect (attraction)
  5424 | Bailey   | XOM: divine lightning
  5438 | Bailey   | Reached skill level 8 in Maces & Flails
  5452 | Bailey   | Reached skill level 5 in Armour
  5539 | D:8      | Found a staircase to the Lair.
  5577 | D:8      | XOM: give mutations
  5577 | D:8      | Gained mutation: You have large cloven feet. [Xom's grace]
  5577 | D:8      | Gained mutation: You are resistant to electric shocks.
                  | (rElec) [Xom's grace]
  5577 | D:8      | Gained mutation: You are agile. (Dex +4, Str/Int -1) [Xom's
                  | grace]
  5626 | D:8      | Found a shadowy altar of Dithmenos.
  5922 | D:9      | XOM: cloud trail
  6111 | D:9      | XOM: enchant monster (good)
  6118 | D:9      | Reached skill level 9 in Maces & Flails
  6147 | D:9      | XOM: enchant monster (good)
  6149 | D:9      | XOM: scenery: create altars
  6156 | D:9      | Noticed a two-headed ogre
  6167 | D:9      | Slain by a two-headed ogre

Illustrated notes

Levels and vault maps discovered:
D:1:      dpeg_arrival_pits, layout_rooms
D:2:      layout_basic, nicolae_shop_vocational
D:3:      layout_basic, lemuel_coloured_pillars_altar,
          nicolae_kikubaaqudgha_miasma_corner, ebering_ghost_sewer_f
D:4:      layout_loops_ring, overflow_temple_1_default
D:5:      layout_basic, gammafunk_ghost_grave, grunt_ministairs_2
D:6:      layout_basic, nicolae_ru_great_annihilating_truth,
          gammafunk_temple_overflow_claw, mainiacjoe_overflow_alcove_4,
          serial_shops, shop, kennysheep_mini_moat,
          nicolae_shop_just_a_little_nook
D:7:      black_bear_nest_1, layout_loops_ring,
          minmay_temple_entry_purple_smoke, hangedman_decor_riveting,
          uniq_maurice, uniq_duvessa
D:8:      layout_basic, marbit_many_paths, dpeg_oklobed_lair, enter_bailey_4,
          minivault_1
D:9:      layout_long_grid, mainiacjoe_overflow_cross_hatched,
          grunt_decor_fettered

Skill      XL: |  1  2  3  4  5  6  7  8  9 10 |
---------------+-------------------------------+-----
Fighting       | 4 5 6 7 |  7.0
Long Blades    | 4 |  4.5
Armour         | 3 4 5 |  5.1
Dodging        | 2 4 5 6 |  6.1
Maces & Flails | 2 3 5 7 9 |  9.0
Stealth        | 1 2 3 4 |  4.2
Evocations     | |  0.2

Action                     |  1- 3 |  4- 6 |  7- 9 | 10-12 || total
---------------------------+-------+-------+-------+-------++-------
  Melee: Falchion          |    65 |       |       |       ||    65
         Whip              |     2 |    78 |   214 |   126 ||   420
         Headbutt          |       |     4 |    29 |    27 ||    60
         Punch             |       |     1 |     2 |     3 ||     6
         Kick              |       |       |       |    16 ||    16
  Evoke: Wand              |       |       |     1 |     3 ||     4
   Stab: Sleeping          |     1 |     2 |     2 |     1 ||     6
         Paralysed         |       |       |     1 |       ||     1
         Petrifying        |       |       |       |     2 ||     2
 Armour: Leather armour    |    31 |    66 |   129 |    59 ||   285
  Dodge: Dodged            |    50 |    31 |   128 |    67 ||   276

Table legend: (Time is in decaauts)
 A = Elapsed time spent in this place.
 B = Non-inter-level travel time spent in this place.
 C = Inter-level travel time spent in this place.
 D = Time resting spent in this place.
 E = Time spent auto-exploring this place.
 F = Levels seen in this place.
 G = Mean time per level.
                   A        B        C        D        E       F      G
               +--------+--------+--------+--------+--------+-----+--------+
         Total |   6122 |   5311 |    811 |      0 |   4047 |  10 |  612.2 |
       Dungeon |   6089 |   5278 |    811 |      0 |   4047 |   9 |  676.6 |
        Bailey |     33 |     33 |      0 |      0 |      0 |   1 |   33.0 |
               +--------+--------+--------+--------+--------+-----+--------+

Top non-repeatable levels by time:
     D:8: 786 daAuts
     D:3: 786 daAuts
     D:4: 778 daAuts
     D:7: 766 daAuts
     D:2: 737 daAuts
     D:6: 705 daAuts
     D:5: 614 daAuts
     D:1: 547 daAuts
     D:9: 366 daAuts
  Bailey: 33 daAuts
